 Dungeon Crawl Stone Soup version 0.27.1-2-g3b301248ec (webtiles) character file.

Game seed: 15402051360959388419

11295 Rickety the Thaumaturge (level 11, -6/83 HPs)
             Began as a Gnoll Venom Mage on Sept 25, 2021.
             Was a Priest of Sif Muna.
             Mangled by a cane toad (22 damage)
             ... on level 1 of the Lair of Beasts.
             The game lasted 00:47:26 (15050 turns).

Rickety the Thaumaturge (Gnoll Venom Mage)         Turns: 15050, Time: 00:47:26

Health: -6/83      AC:  9    Str:  8    XL:     11   Next: 75%
Magic:  6/23       EV: 14    Int: 17    God:    Sif Muna [***...]
Gold:   550        SH:  5    Dex: 13    Spells: 8/26 levels left

rFire    + . .     SeeInvis .   a - staff of poison
rCold    + . .     Faith    .   u - +0 buckler
rNeg     + . .     Spirit   .   x - +1 leather armour {rF+}
rPois    +         Reflect  .   s - +0 helmet
rElec    .         Harm     .   (no cloak)
rCorr    .         Rampage  .   w - +2 pair of gloves
Will     .....                  (no boots)
Stlth    +++.......             (no amulet)
HPRegen  0.23/turn              D - ring of positive energy
MPRegen  0.18/turn              y - ring of protection from cold

@: no status effects
A: fangs 1, strong nose, distributed training
a: Renounce Religion, Channel Magic, Forget Spell


You were on level 1 of the Lair of Beasts.
You worshipped Sif Muna.
Sif Muna was most pleased with you.
You visited 3 branches of the dungeon, and saw 11 of its levels.

You collected 622 gold pieces.
You spent 72 gold pieces at shops.

Inventory:

Hand Weapons
 b - a +1 dagger of holy wrath
 f - a +0 scimitar of flaming
 A - the +6 whip "Azur Ivi" {vorpal, Str+4 Int-4}
   (You found it on level 5 of the Dungeon)

   It inflicts extra damage upon your enemies.
   Str:       It affects your strength (+4).
   Int:       It affects your intelligence (-4).
 C - a +0 dagger of venom
 K - a +2 short sword of freezing
Missiles
 i - 47 poisoned darts
 F - 2 throwing nets
Armour
 s - a +0 helmet (worn)
 u - a +0 buckler (worn)
 w - a +2 pair of gloves (worn)
 x - a +1 leather armour of fire resistance (worn)
Magical Staves
 a - a staff of poison (weapon)
Jewellery
 r - a ring of poison resistance
 y - a ring of protection from cold (right hand)
 B - a ring of ice
 D - a ring of positive energy (left hand)
 H - a +4 ring of slaying
Wands
 v - a wand of flame (10)
 E - a wand of polymorph (15)
 J - a wand of mindburst (6)
 N - a wand of iceblast (10)
 O - a wand of acid (14)
Scrolls
 d - a scroll of fear {unknown}
 e - 2 scrolls of noise {unknown}
 h - a scroll of identify
 j - 3 scrolls of magic mapping {unknown}
 k - 2 scrolls of enchant armour {unknown}
 l - a scroll of blinking {unknown}
 m - 3 scrolls of enchant weapon
 p - a scroll of summoning {unknown}
 q - a scroll of acquirement {unknown}
 t - 4 scrolls of teleportation {unknown}
 z - 4 scrolls of amnesia {unknown}
Potions
 c - 2 potions of resistance
 g - a potion of might
 n - a potion of haste
 o - a potion of curing
 G - a potion of cancellation
 I - a potion of attraction {unknown}
 M - a potion of flight {unknown}


   Skills:
 + Level 6.6 Fighting
 + Level 6.6 Short Blades
 + Level 6.6 Long Blades
 + Level 6.6 Axes
 + Level 6.6 Maces & Flails
 + Level 6.6 Polearms
 + Level 6.6 Staves
 + Level 6.6 Slings
 + Level 6.6 Bows
 + Level 6.6 Crossbows
 + Level 6.6 Throwing
 + Level 6.6 Armour
 + Level 8.1 Dodging
 + Level 7.9 Stealth
 + Level 6.6 Shields
 + Level 6.6 Unarmed Combat
 + Level 8.4 Spellcasting
 + Level 5.4 Conjurations
 + Level 5.4 Hexes
 + Level 5.4 Summonings
 + Level 5.4 Necromancy
 + Level 5.4 Translocations
 + Level 5.9 Transmutations
 + Level 5.4 Fire Magic
 + Level 5.4 Ice Magic
 + Level 5.4 Air Magic
 + Level 5.4 Earth Magic
 + Level 7.8 Poison Magic
 + Level 7.2 Invocations
 + Level 6.6 Evocations


You had 8 spell levels left.
You knew the following spells:

 Your Spells              Type           Power      Damage    Failure   Level
a - Sting                 Tmut/Pois      100%       1d8       1%          1
e - Ensorcelled Hibernat  Hex/Ice        50%        N/A       2%          2
g - Summon Guardian Gole  Hex/Summ       25%        N/A       4%          3
m - Mephitic Cloud        Conj/Pois/Air  42%        N/A       3%          3
t - Tukima's Dance        Hex            25%        N/A       4%          3
v - Poisonous Vapours     Pois/Air       88%        N/A       1%          2
x - Olgreb's Toxic Radia  Pois           50%        N/A       5%          4

Your spell library contained the following spells:

 Spells                   Type           Power      Damage    Failure   Level
 Corona                   Hex            27%        N/A       1%          1
 Freeze                   Ice            100%       1d11      1%          1
 Sandblast                Erth           50%        2d12      1%          1
 Frozen Ramparts          Ice            50%        1d7       4%          3
 Stone Arrow              Conj/Erth      50%        3d10      4%          3
 Hailstorm                Conj/Ice       25%        3d7       14%         4
 Blade Hands              Tmut           13%        N/A       32%         5
 Irradiate                Conj/Tmut      13%        3d18      36%         5
 Lee's Rapid Deconstruct  Erth           12%        3d10*     38%         5
 Iron Shot                Conj/Erth      12%        9d3       92%         6
 Dragon Form              Tmut           13%        N/A       100%        7
 Orb of Destruction       Conj           12%        9d6       100%        7
 Spellforged Servitor     Conj/Summ      12%        N/A       100%        7


Dungeon Overview and Level Annotations

Branches:
Dungeon (9/15)             Temple (1/1) D:5            Lair (1/6) D:9
    Orc: D:9-12

Altars:
Ashenzari
Dithmenos
Elyvilon
Fedhas
Gozag
Hepliaklqana
Kikubaaqudgha
Nemelex Xobeh
Okawaru
Qazlal
Ru
Sif Muna
Trog
Uskayaw
Vehumet
Wu Jian
Xom
Yredelemnul
Zin
The Shining One

Shops:
D:2 ?

Annotations:
D:4 3 runed translucent doors, NFM's ghost, amateur HOFi
D:5 2 transporters, 0gre's ghost, amateur GnWn
D:9 1 runed translucent door, pkoi's ghost, novice MiMo


Innate Abilities, Weirdness & Mutations

You have very sharp teeth.
Your uncanny sense of smell can sniff out nearby items.
Your experience applies equally to all skills.


Message History

Confirm with . or Enter, or press ? or * to list all spells.
Aiming: Ensorcelled Hibernation (safe; 2% risk of failure)
Press: ? - help, Shift-Dir - straight line, f/p - black mamba
Aim: a black mamba (chance to affect: 54%)
The black mamba resists with significant effort.
The black mamba bites you but does no damage.
Unknown command.
You feel much better. The black mamba barely misses you.
The black mamba misses you.
Casting: Ensorcelled Hibernation (safe; 2% risk of failure)
Confirm with . or Enter, or press ? or * to list all spells.
Aiming: Ensorcelled Hibernation (safe; 2% risk of failure)
Press: ? - help, Shift-Dir - straight line, f/p - black mamba
Aim: a black mamba (chance to affect: 54%)
The black mamba resists with significant effort.
The black mamba closely misses you. You block the black mamba's attack.
Unknown command.
Casting: Ensorcelled Hibernation (safe; 2% risk of failure)
Confirm with . or Enter, or press ? or * to list all spells.
Aiming: Ensorcelled Hibernation (safe; 2% risk of failure)
Press: ? - help, Shift-Dir - straight line, f/p - black mamba
Aim: a black mamba (chance to affect: 54%)
The black mamba looks drowsy...
The komodo dragon misses you.
Unknown command.
The komodo dragon looks more healthy.
You block the cane toad's attack. The cane toad closely misses you.
Casting: Ensorcelled Hibernation (safe; 2% risk of failure)
Confirm with . or Enter, or press ? or * to list all spells.
A guardian golem appears, shielding your allies.
You block the cane toad's attack. The cane toad stings you!
* * * LOW HITPOINT WARNING * * *
The komodo dragon bites your guardian golem!
You block the cane toad's attack. Something bites your guardian golem.
Casting: Summon Guardian Golem (mildly dangerous; 4% risk of failure)
Confirm with . or Enter, or press ? or * to list all spells.
A guardian golem appears, shielding your allies.
Your guardian golem disappears in a puff of smoke!
The cane toad stings you!!
You die...

#.#.#.#...........#
##....###.##.#.#.##
.#.....#....l.....##
.......^...#.##.#..#
.......#........#..#
#......##...###....####.
####...................#
#######.#..l###....#
#....#F@8.####
####...#### #P..## ##.##
#P.# ##.# ... ... ..#


You could see a komodo dragon, a cane toad (ally target) and a friendly guardian
golem (summoned).

Vanquished Creatures
  Erica (D:8)
  Pikel (D:5)
  Joseph (D:8)
  A cane toad (Lair:1)
  A komodo dragon (D:9)
  A kobold demonologist (D:9)
  A slime creature (D:6)
  15 yaks
  2 wyverns
  A water moccasin (D:6)
  Duvessa (D:4)
  4 orc warriors
  3 sky beasts
  2 necrophages
  3 ice beasts
  3 ogres
  4 centaurs
  4 bullfrogs
  2 kobold brigands (D:8)
  4 scorpions
  Dowan (D:4)
  9 killer bees (D:8)
  5 howler monkeys
  2 jellies
  A wight (D:9)
  A bullfrog skeleton (D:5)
  2 hounds (D:7)
  6 orc priests
  A centaur skeleton (D:7)
  5 centaur zombies
  4 gnoll shamans
  4 iguanas
  9 orc wizards
  A scorpion zombie (D:5)
  A killer bee zombie (D:8)
  A hound zombie (D:5)
  A hound skeleton (D:5)
  13 gnolls
  6 adders
  A shadow imp (D:8)
  A white imp (D:6)
  3 worms
  4 dart slugs
  29 orcs
  3 ball pythons (D:1)
  7 bats
  4 endoplasms
  8 giant cockroaches
  8 goblins
  4 hobgoblins
  6 jackals
  22 kobolds
  8 quokkas
  4 frilled lizards
  A quokka skeleton (D:4)
  5 rats
246 creatures vanquished.

Vanquished Creatures (collateral kills)
  A centaur (D:9)
  2 wights (D:9)
3 creatures vanquished.

Vanquished Creatures (others)
  Psyche (D:8)
  3 slime creatures
  2 yaks (D:9)
  A wyvern (D:7)
  Menkaure (D:7)
  A dancing weapon (D:9)
  2 ice beasts
  A centaur zombie (D:8)
  8 plants (D:9)
20 creatures vanquished.

Grand Total: 269 creatures vanquished

Notes
Turn   | Place    | Note
-------+----------+-------------------------------------------
     0 | D:1      | Rickety the Gnoll Venom Mage began the quest for the Orb.
     0 | D:1      | Reached XP level 1. HP: 13/13 MP: 6/6
   403 | D:1      | Reached XP level 2. HP: 19/19 MP: 5/7
   406 | D:1      | Learned a level 2 spell: Poisonous Vapours
  1037 | D:1      | Reached XP level 3. HP: 24/25 MP: 2/9
  1041 | D:1      | Learned a level 3 spell: Mephitic Cloud
  1128 | D:1      | Reached skill level 5 in Spellcasting
  1297 | D:1      | Found a faded altar of an unknown god.
  1332 | D:1      | Learned a level 2 spell: Ensorcelled Hibernation
  1336 | D:1      | Learned a level 3 spell: Tukima's Dance
  1601 | D:2      | Reached skill level 1 in Invocations
  1762 | D:2      | Reached skill level 1 in Fighting
  1762 | D:2      | Reached skill level 1 in Short Blades
  1762 | D:2      | Reached skill level 1 in Long Blades
  1762 | D:2      | Reached skill level 1 in Axes
  1762 | D:2      | Reached skill level 1 in Maces & Flails
  1762 | D:2      | Reached skill level 1 in Polearms
  1762 | D:2      | Reached skill level 1 in Staves
  1762 | D:2      | Reached skill level 1 in Slings
  1762 | D:2      | Reached skill level 1 in Bows
  1762 | D:2      | Reached skill level 1 in Crossbows
  1762 | D:2      | Reached skill level 1 in Throwing
  1762 | D:2      | Reached skill level 1 in Armour
  1762 | D:2      | Reached skill level 1 in Shields
  1762 | D:2      | Reached skill level 1 in Unarmed Combat
  1762 | D:2      | Reached skill level 1 in Evocations
  1805 | D:2      | Noticed an ogre
  1823 | D:2      | Killed an ogre
  1824 | D:2      | Reached skill level 1 in Conjurations
  1824 | D:2      | Reached skill level 1 in Hexes
  1824 | D:2      | Reached skill level 1 in Summonings
  1824 | D:2      | Reached skill level 1 in Necromancy
  1824 | D:2      | Reached skill level 1 in Translocations
  1824 | D:2      | Reached skill level 1 in Fire Magic
  1824 | D:2      | Reached skill level 1 in Ice Magic
  1824 | D:2      | Reached skill level 1 in Air Magic
  1824 | D:2      | Reached skill level 1 in Earth Magic
  1824 | D:2      | Reached XP level 4. HP: 32/32 MP: 6/11
  1824 | D:2      | Reached XP level 5. HP: 37/37 MP: 6/12
  1990 | D:2      | Found Moelad's Magic Scroll Boutique.
  2673 | D:3      | Found an ancient bone altar of Kikubaaqudgha.
  3101 | D:3      | Found a shadowy altar of Dithmenos.
  3296 | D:3      | Noticed an ogre
  3495 | D:3      | Killed an ogre
  3496 | D:3      | Reached skill level 5 in Dodging
  3496 | D:3      | Reached XP level 6. HP: 44/44 MP: 3/14
  3501 | D:3      | Learned a level 4 spell: Olgreb's Toxic Radiance
  3838 | D:4      | Noticed Duvessa
  3847 | D:4      | Noticed Dowan
  4368 | D:4      | Reached XP level 7. HP: 45/50 MP: 8/15
  4503 | D:4      | Found a glowing silver altar of Zin.
  4676 | D:2      | Bought a scroll of identify for 24 gold pieces
  4676 | D:2      | Bought a scroll of identify for 24 gold pieces
  4676 | D:2      | Bought a scroll of identify for 24 gold pieces
  5296 | D:4      | Killed Dowan
  5446 | D:4      | Killed Duvessa
  5538 | D:4      | Found a runed translucent gate.
  5554 | D:4      | Found a runed translucent gate.
  5554 | D:4      | Noticed NFM's ghost (amateur HOFi)
  5555 | D:4      | Found a runed translucent gate.
  5575 | D:5      | Entered Level 5 of the Dungeon
  5686 | D:5      | Reached skill level 5 in Stealth
  5702 | D:5      | Found an iron altar of Okawaru.
  5702 | D:5      | Noticed Pikel
  5716 | D:5      | Found a broken altar of Ashenzari.
  5747 | D:5      | Killed Pikel
  5748 | D:5      | Reached XP level 8. HP: 25/58 MP: 8/17
  6136 | D:5      | Noticed 0gre's ghost (amateur GnWn)
  6149 | D:5      | Found a transporter.
  6152 | D:5      | Found a transporter.
  6155 | D:5      | Found a staircase to the Ecumenical Temple.
  6168 | Temple   | Entered the Ecumenical Temple
  6233 | Temple   | Became a worshipper of Sif Muna the Loreminder
  6611 | D:5      | Reached XP level 9. HP: 65/65 MP: 12/18
  7319 | D:5      | Identified the +6 whip "Azur Ivi" {vorpal, Str+4 Int-4}
  7456 | D:6      | Reached * piety under Sif Muna
  7622 | D:6      | Found a radiant altar of Vehumet.
  8141 | D:6      | Reached skill level 5 in Invocations
  8726 | D:6      | Learned a level 3 spell: Summon Guardian Golem
  9015 | D:6      | Reached XP level 10. HP: 62/73 MP: 14/20
  9200 | D:7      | Reached skill level 5 in Fighting
  9200 | D:7      | Reached skill level 5 in Short Blades
  9200 | D:7      | Reached skill level 5 in Long Blades
  9200 | D:7      | Reached skill level 5 in Axes
  9200 | D:7      | Reached skill level 5 in Maces & Flails
  9200 | D:7      | Reached skill level 5 in Polearms
  9200 | D:7      | Reached skill level 5 in Staves
  9200 | D:7      | Reached skill level 5 in Slings
  9200 | D:7      | Reached skill level 5 in Bows
  9200 | D:7      | Reached skill level 5 in Crossbows
  9200 | D:7      | Reached skill level 5 in Throwing
  9200 | D:7      | Reached skill level 5 in Armour
  9200 | D:7      | Reached skill level 5 in Shields
  9200 | D:7      | Reached skill level 5 in Unarmed Combat
  9200 | D:7      | Reached skill level 5 in Evocations
  9836 | D:7      | Noticed Menkaure
  9859 | D:7      | Killed Menkaure
 10028 | D:7      | Found a bloodstained altar of Trog.
 10060 | D:7      | Found a hide-covered altar of Uskayaw.
 10731 | D:8      | Reached skill level 5 in Transmutations
 10852 | D:8      | Reached ** piety under Sif Muna
 11846 | D:8      | Found an opulent altar of Gozag.
 11863 | D:8      | Noticed Joseph
 11881 | D:8      | Killed Joseph
 11909 | D:8      | Noticed Erica
 11925 | D:8      | Killed Erica
 11926 | D:8      | Reached XP level 11. HP: 57/81 MP: 5/22
 11935 | D:8      | Noticed Psyche
 12132 | D:8      | Killed Psyche
 12165 | D:8      | Found a sparkling altar of Nemelex Xobeh.
 12207 | D:8      | Reached *** piety under Sif Muna
 12751 | D:9      | Reached skill level 5 in Conjurations
 12751 | D:9      | Reached skill level 5 in Hexes
 12751 | D:9      | Reached skill level 5 in Summonings
 12751 | D:9      | Reached skill level 5 in Necromancy
 12751 | D:9      | Reached skill level 5 in Translocations
 12751 | D:9      | Reached skill level 5 in Fire Magic
 12751 | D:9      | Reached skill level 5 in Ice Magic
 12751 | D:9      | Reached skill level 5 in Air Magic
 12751 | D:9      | Reached skill level 5 in Earth Magic
 12842 | D:9      | Got the Tome of Stones
 12843 | D:9      | Found a runed translucent door.
 12854 | D:9      | Found a staircase to the Lair.
 13750 | D:9      | Found a blossoming altar of Fedhas.
 14389 | D:9      | Noticed pkoi's ghost (novice MiMo)
 14441 | Lair:1   | Entered Level 1 of the Lair of Beasts
 15050 | Lair:1   | Mangled by a cane toad

Illustrated notes

Levels and vault maps discovered:
D:1:      dpeg_arrival_arbitrary_a, layout_loops_cross,
          shapermc_ecumenical_altar_pompeii, minmay_domino_4
D:2:      layout_basic, serial_shops, nicolae_diamond_shop
D:3:      layout_basic, general_overflow_altar,
          mainiacjoe_overflow_concentric_impassable, st_stairs_9
D:4:      layout_loops_ring, mainiacjoe_overflow_surrounded_room,
          ebering_ghost_rock_garden, uniq_duvessa
D:5:      minmay_clustersquares, layout_gridville, evilmike_ruin_ashenzari,
          okawaru_trees_2, minmay_temple_entry_statues_fountains,
          gup_sewer_entry_pipe, gammafunk_ghost_hive, due_unseen_surprise,
          uniq_pikel
D:6:      layout_cave_pods, nicolae_vehumet_radiance, kennysheep_generic_room_13
D:7:      layout_loops_ring, bloody_trog, nicolae_uskayaw_dance_hall,
          uniq_menkaure
D:8:      layout_basic, mainiacjoe_overflow_24_doors, lemuel_round_altar,
          grunt_ministairs_4, uniq_psyche, uniq_erica, uniq_joseph
D:9:      layout_irregular_city, mainiacjoe_overflow_tiny_flanked,
          david_lair_shrubbed, serial_column_ruins, column_ruins_circle_medium,
          column_ruins_hut, column_ruins_open_tiny,
          column_ruins_corridor_corner, column_ruins_grid_1,
          column_ruins_columns_dead_end, column_ruins_grid_1,
          column_ruins_corridor_corner, column_ruins_columns_water,
          ebering_ghost_reflecting_pool, minmay_misc_feat_plants,
          serial_bayou_pond_b
Temple:   compressed_dpeg_triangle_lava_temple
Lair:1:   minmay_guarded_unrand_snakebite, layout_cave_pods, minivault_27

Skill      XL: |  1  2  3  4  5  6  7  8  9 10 11 |
---------------+----------------------------------+-----
Transmutations | 2 3 4 5 |  5.9
Spellcasting   | 5 6 7 8 |  8.4
Invocations    | 1 2 3 4 5 6 7 |  7.2
Fighting       | 1 2 3 4 5 6 |  6.6
Short Blades   | 1 2 3 4 5 6 |  6.6
Long Blades    | 1 2 3 4 5 6 |  6.6
Axes           | 1 2 3 4 5 6 |  6.6
Maces & Flails | 1 2 3 4 5 6 |  6.6
Polearms       | 1 2 3 4 5 6 |  6.6
Staves         | 1 2 3 4 5 6 |  6.6
Slings         | 1 2 3 4 5 6 |  6.6
Bows           | 1 2 3 4 5 6 |  6.6
Crossbows      | 1 2 3 4 5 6 |  6.6
Throwing       | 1 2 3 4 5 6 |  6.6
Armour         | 1 2 3 4 5 6 |  6.6
Shields        | 1 2 3 4 5 6 |  6.6
Unarmed Combat | 1 2 3 4 5 6 |  6.6
Evocations     | 1 2 3 4 5 6 |  6.6
Conjurations   | 1 2 3 4 5 |  5.4
Hexes          | 1 2 3 4 5 |  5.4
Summonings     | 1 2 3 4 5 |  5.4
Necromancy     | 1 2 3 4 5 |  5.4
Translocations | 1 2 3 4 5 |  5.4
Fire Magic     | 1 2 3 4 5 |  5.4
Ice Magic      | 1 2 3 4 5 |  5.4
Air Magic      | 1 2 3 4 5 |  5.4
Earth Magic    | 1 2 3 4 5 |  5.4
Dodging        | 5 6 7 8 |  8.1
Stealth        | 5 6 7 |  7.9
Poison Magic   | 6 7 |  7.8

Action                   |  1- 3 |  4- 6 |  7- 9 | 10-12 || total
-------------------------+-------+-------+-------+-------++-------
Melee: Spear             |     2 |       |       |       ||     2
       Staff             |    10 |    31 |    19 |    66 ||   126
       Bite              |       |     4 |    18 |    18 ||    40
       Dagger            |       |       |   181 |   101 ||   282
 Cast: Sting             |    35 |    41 |    76 |    75 ||   227
       Poisonous Vapours |    26 |    43 |    46 |    67 ||   182
       Mephitic Cloud    |       |     6 |    19 |    11 ||    36
       Ensorcelled Hiber |       |     3 |     3 |     6 ||    12
       Tukima's Dance    |       |     1 |       |    14 ||    15
       Summon Guardian G |       |       |     4 |    18 ||    22
       Olgreb's Toxic Ra |       |       |     3 |    33 ||    36
  Use: Scroll            |       |       |     5 |     3 ||     8
       Potion            |       |       |       |     6 ||     6
 Stab: Sleeping          |     2 |     1 |     6 |     8 ||    17
       Confused          |       |       |     2 |     3 ||     5
Armor: Robe              |     4 |    14 |    66 |       ||    84
       Leather armour    |       |       |    33 |   102 ||   135
Dodge: Dodged            |    10 |    30 |   124 |   194 ||   358
Block: Buckler           |       |       |    45 |    87 ||   132
